 Dungeon Crawl Stone Soup version 0.18-a0-750-g37044d6 (webtiles) character file.

455 4thArraOfDagon the Cudgeler (level 7, 3/72 HPs)
             Began as an Ogre Hunter on Dec 11, 2015.
             Quit the game on level 7 of the Dungeon.
             The game lasted 00:04:51 (817 turns).

4thArraOfDagon the Cudgeler (Ogre Hunter)            Turns: 817, Time: 00:04:52

Health: 3/72       AC:  3    Str: 18    XL:     7   Next: 5%
Magic:  7/7        EV: 11    Int: 12    God:
Gold:   74         SH:  0    Dex: 15    Spells: 0 memorised, 6 levels left

rFire  . . .     SeeInvis .     h - +0 club
rCold  . . .     Clarity  .     b - +0 robe
rNeg   . . .     SustAt   .     (no shield)
rPois  .         Gourm    .     (helmet restricted)
rElec  .         Spirit   .     (no cloak)
rCorr  .         Dismiss  .     (gloves unavailable)
rMut   .         Stasis   .     (boots unavailable)
MR     .....                    (no amulet)
Stlth  ++........               (no ring)
                                f - +5 ring of dexterity

@: lethally poisoned (3 -> 0), flying, not resistant to hostile enchantments,
unstealthy
A: unfitting armour, tough skin 1
a: no special abilities


You were on level 7 of the Dungeon.
You were not hungry.

You visited 1 branch of the dungeon, and saw 7 of its levels.

You collected 74 gold pieces.

Inventory:

Hand Weapons
 h - a +0 club (weapon)
Missiles
 c - a large rock (quivered)
Armour
 b - a +0 robe (worn)
Jewellery
 f - a +5 ring of dexterity (left hand)
Scrolls
 d - a scroll of enchant weapon {unknown}
 g - 2 scrolls of remove curse {unknown}
 n - a scroll of identify {unknown}
Potions
 l - 2 potions of heal wounds
Comestibles
 a - a meat ration
 e - 2 bread rations
 k - a royal jelly
 q - 5 mutagenic chunks of flesh


   Skills:
 + Level 5.4 Fighting
 * Level 6.4 Maces & Flails
 - Level 4.0 Throwing
 + Level 3.4 Dodging
 - Level 0.7 Stealth


You had 6 spell levels left.
You didn't know any spells.

Dungeon Overview and Level Annotations

Branches:
Dungeon (7/15)
 Temple: D:4-7

Altars:
Elyvilon


Innate Abilities, Weirdness & Mutations

You are too large for most types of armour.
You have tough skin (AC +1).


Message History

Throwing (i - inventory):
c - 2 large rocks (quivered)
Press: ? - help, Shift-Dir - straight line, f - worker ant
Aim: a worker ant You throw a large rock.
The large rock barely misses the killer bee.
The large rock closely misses the worker ant.
* * * LOW HITPOINT WARNING * * *
You feel sick. The killer bee barely misses you.
The killer bee barely misses you.
Unknown command.
Unknown command.
Drink which item? (? for menu, Esc to quit)
It was a potion of flight.
You feel very buoyant.
You fly up into the air.
* * * LOW HITPOINT WARNING * * *
You feel sick. The killer bee misses you. The killer bee stings you.
* * * LOW HITPOINT WARNING * * *
Unknown command.
Are you sure you want to abandon this character and quit the game? (Confirm with "yes".)

*,**,,,,,,,,*
#...............
*,**,,,,,,,,*
#...............
*,**,,,,,,,,*
#...............
*,,,,,,,,,,,*
#...............
****,,,,,,,,*
#............... *,,,,,,,,*
##..............
***,****######.J............
*,* #................... *,*
#..@................
*,#####.y###..............
*,#.....a.##..............
*,#.......##..............
*,#.......##..............
*.......(.................
*##........#..............
#...(....#######........
#........# ###*#.##.....


You could see a jelly, a worker ant and a killer bee.

Vanquished Creatures
  A sky beast (D:7)
  A centaur (D:5)
  A giant frog (D:7)
  3 crimson imps
  2 hounds
  A killer bee zombie (D:7)
  An adder (D:6)
  An adder zombie (D:6)
  A giant gecko (D:3)
  2 giant cockroaches (D:3)
  A hobgoblin (D:1)
  A bat (D:3)
  A giant newt (D:3)
  A goblin (D:1)
  2 rats
20 creatures vanquished.

Notes
Turn   | Place    | Note
--------------------------------------------------------------
     0 | D:1      | 4thArraOfDagon the Ogre Hunter began the quest for the Orb.
     0 | D:1      | Reached XP level 1. HP: 22/22 MP: 1/1
    94 | D:1      | Reached skill level 1 in Maces & Flails
   186 | D:3      | Found a white marble altar of Elyvilon.
   281 | D:3      | Reached XP level 2. HP: 26/31 MP: 2/2
   441 | D:5      | Entered Level 5 of the Dungeon
   444 | D:5      | Reached XP level 3. HP: 37/37 MP: 3/3
   445 | D:5      | Noticed a centaur
   458 | D:5      | Killed a centaur
   458 | D:5      | Reached XP level 4. HP: 7/48 MP: 4/4
   458 | D:5      | Reached XP level 5. HP: 7/54 MP: 5/5
   619 | D:6      | Noticed a phantom
   644 | D:7      | Noticed a sky beast
   714 | D:7      | Reached skill level 5 in Maces & Flails
   714 | D:7      | Reached XP level 6. HP: 17/65 MP: 6/6
   718 | D:7      | Reached skill level 5 in Fighting
   752 | D:7      | Reached skill level 6 in Maces & Flails
   768 | D:7      | HP: 3/66 [killer bee (2)]
   814 | D:7      | Reached XP level 7. HP: 13/72 MP: 7/7
   816 | D:7      | HP: 3/72 [killer bee (1)]
   817 | D:7      | Quit the game

Vault maps used:
D:1:      moated_graveyard_arrival, corexii_corridor_pit, grunt_decor_resistance
D:2:      marbit_many_paths, old_standard_altar, uniq_iyjb
D:3:      nicolae_overflow_crystal_walls, serial_bayou_lagoon_a
D:4:      minmay_temple_entry_overgrown
D:5:      first_bread, grunt_decor_cap
D:6:      lemuel_doored_altar, kb_rosetta, uniq_eustachio

Action                   |  1- 3 |  4- 6 |  7- 9 || total
-------------------------+-------+-------+-------++-------
Melee: Club              |    34 |     2 |       ||    36
       Short sword       |     2 |       |       ||     2
Throw: Large rock        |     7 |    21 |     1 ||    29
       Throwing net      |     2 |       |       ||     2
  Use: Scroll            |       |     5 |       ||     5
       Potion            |       |     1 |     1 ||     2
 Stab: Sleeping          |     1 |       |       ||     1
